 Dungeon Crawl Stone Soup version 0.22-a0-447-gee5f723 (webtiles) character file.

172 VajrapaniREALTIME the Shield-Bearer (level 5, -2/42 HPs)
             Began as a Formicid Fighter on June 3, 2018.
             Slain by Gorglomux's ghost (7 damage)
             ... on level 4 of the Dungeon.
             The game lasted 00:02:00 (2289 turns).

VajrapaniREALTIME the Shield-Bearer (FoFi)          Turns: 2289, Time: 00:02:01

Health: -2/42      AC:  8    Str: 22    XL:     5   Next: 82%
Magic:  5/5        EV:  8    Int:  7    God:
Gold:   155        SH:  9    Dex: 10    Spells: 4/4 levels left

rFire    . . .     SeeInvis +   a - +0 war axe
rCold    . . .     Gourm    .   c - +0 shield
rNeg     . . .     Faith    .   b - +0 scale mail
rPois    .         Spirit   .   (helmet unavailable)
rElec    .         Reflect  .   (no cloak)
rCorr    .         Harm     .   k - +0 pair of gloves
MR       .....                  (no boots)
Stlth    ..........             (no amulet)
HPRegen  0.14/turn              (no ring)
MPRegen  0.09/turn              (no ring)

@: no status effects
A: permanent stasis, dig shafts and tunnels, four strong arms, antennae 3
a: Dig, Shaft Self


You were on level 4 of the Dungeon.
You were hungry.

You visited 1 branch of the dungeon, and saw 4 of its levels.

You collected 155 gold pieces.

Inventory:

Hand Weapons
 a - a +0 war axe (weapon)
Armour
 b - a +0 scale mail (worn)
 c - a +0 shield (worn)
 k - a +0 pair of gloves (worn)
Scrolls
 e - 3 scrolls of fog {unknown}
 g - 2 scrolls of random uselessness {unknown}
 h - 7 scrolls of identify {unknown}
 i - 2 scrolls of remove curse {unknown}
 l - 2 scrolls of amnesia {unknown}
 m - 2 scrolls of immolation {unknown}
 o - a scroll of magic mapping {unknown}
Potions
 d - a potion of might
 j - 2 potions of haste {unknown}
 n - 2 potions of agility {unknown}
 p - 2 potions of cancellation {unknown}
 q - 2 potions of flight {unknown}
 s - a potion of brilliance {unknown}
 t - 2 potions of degeneration {unknown}
Comestibles
 f - 8 rations


   Skills:
 + Level 4.1 Fighting
 * Level 3.8 Axes
 + Level 4.2 Armour
 + Level 4.5 Shields


You had 4 spell levels left.
You didn't know any spells.
Your spell library was empty.

Dungeon Overview and Level Annotations

Branches:
Dungeon (4/15)
 Temple: D:4-7

Altars:
Elyvilon

Annotations:
D:4 Gorglomux's ghost, novice DDFi


Innate Abilities, Weirdness & Mutations

You cannot be hasted, slowed, berserked, paralysed or teleported.
You can dig through walls and to a lower floor.
Your four strong arms can wield two-handed weapons with a shield.
You have a pair of large antennae on your head. (SInv)


Message History

Gorglomux's ghost is nearby!
Gorglomux's ghost says, "Destruction is an occupation beyond life."
Found a potion of might.
Gorglomux's ghost hits you!
You are feeling hungry.
You hit Gorglomux's ghost but do no damage.
Gorglomux's ghost hits you!
You hit Gorglomux's ghost but do no damage.
You block Gorglomux's ghost's attack.
Gorglomux's ghost hits you but does no damage.
You are too injured to fight recklessly!
You hit Gorglomux's ghost.
Gorglomux's ghost is lightly damaged.
Gorglomux's ghost hits you!
* * * LOW HITPOINT WARNING * * *
You are too injured to fight recklessly!
You hit Gorglomux's ghost but do no damage.
Gorglomux's ghost is lightly damaged.
Gorglomux's ghost hits you!
You die...

#.........#
#........)# ##
#.........###### #.
####...........# #.
#...........## #.
#............# #.
#............########.
#....W.......##.......
#....@.......##.######
#............##.#
#........(...##.#
#............##.#
#............##.#
#............##.#
#............##.#
#!...........##.#
############....#


You could see Gorglomux's ghost.

Vanquished Creatures
  2 orc wizards (D:4)
  A centaur skeleton (D:4)
  3 adders
  3 dart slugs
  5 leopard geckos
  4 orcs
  A giant cockroach (D:1)
  2 goblins (D:3)
  3 hobgoblins
  4 jackals (D:3)
  A quokka (D:2)
  3 ball pythons
  9 bats
  3 frilled lizards
  6 kobolds
  3 rats
53 creatures vanquished.

Notes
Turn   | Place    | Note
-------+----------+-------------------------------------------
     0 | D:1      | VajrapaniREALTIME the Formicid Fighter began the quest for the Orb.
     0 | D:1      | Reached XP level 1. HP: 18/18 MP: 1/1
   184 | D:1      | Reached XP level 2. HP: 24/24 MP: 2/2
   903 | D:1      | Reached XP level 3. HP: 29/29 MP: 3/3
  1423 | D:2      | Reached XP level 4. HP: 37/37 MP: 4/4
  1913 | D:3      | Found a white marble altar of Elyvilon.
  2164 | D:4      | Reached XP level 5. HP: 27/42 MP: 5/5
  2271 | D:4      | Noticed Gorglomux's ghost (novice DDFi)
  2289 | D:4      | Slain by Gorglomux's ghost

Vault maps used:
D:1:      minmay_arrival_glassed_features, fountainhead
D:3:      hangedman_decor_clover_reticule, elyvilon_altar_3

Skill      XL: |  1  2  3  4 |
---------------+-------------+-----
Shields        | 4 |  4.5
Axes           | 3 |  3.8
Fighting       | 4 |  4.1
Armour         | 4 |  4.2

Action                   |  1- 3 |  4- 6 || total
-------------------------+-------+-------++-------
Melee: War axe           |    64 |    67 ||   131
  Eat: Chunk             |     2 |     2 ||     4
Armor: Scale mail        |    47 |    49 ||    96
Dodge: Dodged            |    26 |    22 ||    48
Block: Shield            |    41 |    31 ||    72

Table legend:
 A = Spawn XP
 B = Non-spawn XP
 C = Spawn XP percentage of total XP
 D = Spawn monster count
 E = Non-spawn monster count
 F = Spawn count percentage of total count
 G = Total turns spent on level
                    A         B        C        D         E        F      G
               +---------+---------+-------+---------+---------+-------+---------
         Total |       0 |     246 |   0.0 |       0 |      53 |   0.0 |  2289
               +---------+---------+-------+---------+---------+-------+---------
           D:1 |       0 |      31 |   0.0 |       0 |      20 |   0.0 |   967
           D:2 |       0 |      44 |   0.0 |       0 |      10 |   0.0 |   712
           D:3 |       0 |      48 |   0.0 |       0 |      17 |   0.0 |   424
           D:4 |       0 |     123 |   0.0 |       0 |       6 |   0.0 |   186
               +---------+---------+-------+---------+---------+-------+---------
